 Dungeon Crawl Stone Soup version 0.20.1-1-g8b1a95d (webtiles) character file.

33392 Lanoc the Markscentaur (level 13, 0/111 HPs)
             Began as a Centaur Arcane Marksman on Dec 16, 2017.
             Was a High Priest of Okawaru.
             Slain by an unseen horror (3 damage)
             ... on level 13 of the Dungeon.
             The game lasted 02:06:52 (31045 turns).

Lanoc the Markscentaur (Centaur Arcane Marksman)   Turns: 31045, Time: 02:06:53

Health: 0/111      AC: 12    Str: 18    XL:     13   Next: 36%
Magic:  23/23      EV: 17    Int: 17    God:    Okawaru [*****.]
Gold:   557        SH:  2    Dex: 16    Spells: 12/25 levels left

rFire    + + .     SeeInvis .   b - +3 dagger (elec)
rCold    + + .     Gourm    .   (no shield)
rNeg     . . .     Faith    .   J - +1 leather armour of the End {rCorr Int+2} (curse)
rPois    .         Spirit   .   l - +0 helmet
rElec    .         Reflect  +   (no cloak)
rCorr    +         Harm     .   (no gloves)
MR       .....                  O - +1 centaur barding {rF+}
Stlth    +.........             r - +2 amulet of reflection
Regen    0.3/turn               T - ring "Gyalu" {rF+ rC++ Int+2 Dex-3 Stlth-}
MPRegen  0.2/turn               G - ring of resist corrosion

@: mighty, agile, about to teleport, very slightly contaminated, hasted,
drained, invisible, very quick
A: hooves 3, deformed body, speed 2, tough skin 3
a: Heroism, Finesse, Renounce Religion


You were on level 13 of the Dungeon.
You worshipped Okawaru.
Okawaru was extremely pleased with you.
You were not hungry.

You visited 2 branches of the dungeon, and saw 15 of its levels.

You collected 617 gold pieces.
You spent 60 gold pieces at shops.

Inventory:

Hand Weapons
 b - a +3 dagger of electrocution (weapon)
 e - a +1 shortbow of freezing
Missiles
 d - 84 arrows
Armour
 l - a +0 helmet (worn)
 A - a +2 plate armour of cold resistance
 B - a +2 leather armour of fire resistance
 J - the cursed +1 leather armour of the End (worn) {rCorr Int+2}
   (You found it on level 9 of the Dungeon)

   It affects your intelligence (+2).
   It protects you from acid and corrosion.
   It has a curse placed upon it.
 O - a +1 centaur barding of fire resistance (worn)
 U - a +2 plate armour of cold resistance
 V - a +0 troll leather armour
Magical Staves
 C - an uncursed staff of cold
Jewellery
 r - a +2 amulet of reflection (around neck)
 E - an uncursed ring of positive energy
 G - a ring of resist corrosion (right hand)
 T - the ring "Gyalu" (left hand) {rF+ rC++ Int+2 Dex-3 Stlth-}
   (You took it off a human on level 13 of the Dungeon)

   [ring of loudness]

   It affects your intelligence (+2).
   It affects your dexterity (-3).
   It protects you from fire.
   It greatly protects you from cold.
   It makes you less stealthy.
Wands
 a - a wand of confusion (11/48)
 o - a wand of polymorph (12/24)
 D - a wand of lightning (4/15)
 H - a wand of disintegration (5/24)
 M - a wand of flame (33/48)
 N - a wand of polymorph (14/24)
Scrolls
 h - 5 scrolls of remove curse
 j - a scroll of immolation
 n - a scroll of fear
 p - 3 scrolls of teleportation
 u - 3 scrolls of magic mapping
 y - a scroll of fog
 F - 2 scrolls of identify
 S - 2 scrolls of enchant weapon
Potions
 g - 3 potions of agility
 i - 4 potions of mutation
 k - a potion of invisibility
 t - 2 potions of lignification
 z - 2 potions of haste
 I - a potion of resistance
 K - 2 potions of ambrosia
 Q - a potion of flight
 R - a potion of magic
Books
 c - a book of Debilitation

   Spells                             Type                      Level
   a - Corona                         Hexes                        1
   b - Slow                           Hexes                        2
   c - Inner Flame                    Hexes/Fire                   3
   d - Portal Projectile              Hexes/Translocation          3
   e - Cause Fear                     Hexes                        4
   f - Leda's Liquefaction            Hexes/Earth                  4
 v - a book of Cantrips

   Spells                             Type                      Level
   a - Confusing Touch                Hexes                        1
   b - Animate Skeleton               Necromancy                   1
   c - Summon Small Mammal            Summoning                    1
   d - Apportation                    Translocation                1
Miscellaneous
 P - a fan of gales
Comestibles
 f - 6 bread rations
 q - 11 royal jellies
 s - 4 meat rations
 w - 2 chunks of flesh
 L - a fruit


   Skills:
 + Level 9.3(8.8) Fighting
 * Level 16.5(16.0) Bows
 + Level 3.9(3.5) Armour
 + Level 7.4(7.0) Dodging
 + Level 6.9(6.5) Spellcasting
 + Level 8.9(8.5) Hexes


You had 12 spell levels left.
You knew the following spells:

 Your Spells              Type           Power        Failure   Level  Hunger
a - Corona                Hex            ####...      1%          1    None
b - Slow                  Hex            ####....     1%          2    None
c - Portal Projectile     Hex/Tloc       ###...       8%          3    ##.....
d - Inner Flame           Hex/Fire       ###.....     8%          3    ##.....
e - Cause Fear            Hex            ####......   4%          4    ####...


Dungeon Overview and Level Annotations

Branches:
Dungeon (14/15)            Temple (1/1) D:5            Lair (0/6) D:10
    Orc (0/2) D:11         Vaults (0/5) D:13

Altars:
Ashenzari
Cheibriados
Dithmenos
Elyvilon
Fedhas
Gozag
Hepliaklqana
Kikubaaqudgha
Makhleb
Nemelex Xobeh
Okawaru
Qazlal
Ru
Sif Muna
Trog
Uskayaw
Vehumet
Xom
Yredelemnul
Zin
The Shining One

Shops:
D:4 :   D:5 !

Portals:
Trove: D:10 (give +3 ice dragon scales)

Annotations:
D:2 exclusion: oklob plant
D:13 Artikas's ghost, journeyman MiBe


Innate Abilities, Weirdness & Mutations

You have hooves in place of feet.
Armour fits poorly on your strangely shaped body.
You cover ground very quickly.
You have extremely tough skin. (AC +3)


Message History

* * * LOW HITPOINT WARNING * * *
The vampire mosquito draws strength from your injuries!
The vampire mosquito closely misses you.
The vampire mosquito bites you but does no damage.
Something hits you.
* * * LOW HITPOINT WARNING * * *
You feel yourself speed up. Something hits you but does no damage.
The vampire mosquito barely misses you.
The vampire mosquito closely misses you.
The vampire mosquito bites you but does no damage.
The vampire mosquito barely misses you.
Okay, then.
Blink to where?
Press: ? - help, Dir - move target cursor
As you read the scroll of blinking, it crumbles to dust.
As you read the scroll of teleportation, it crumbles to dust.
You feel strangely unstable. Something hits you.
* * * LOW HITPOINT WARNING * * *
Something hits you.
You die...

##.#...........# ##
#.(#...........# #.............#*
##.#...........# #..#...........#
#..##.........## ##.###.........#
#####.............###
###.............@{....###########
#....y...#####........{[.yy.....#
....(.....# ##########.##.......
..........# ##...#######
..uy......# #.....# # ..........#
#....## # ..........# ###### #
.........## #........#


There were no monsters in sight!

Vanquished Creatures
  3 hydras
  A vault guard (D:12)
  6 two-headed ogres
  Urug (D:12)
  An unseen horror (D:12)
  A necromancer (D:13)
  3 ugly things
  2 manticores (D:13)
  2 cyclopes (D:11)
  2 komodo dragons (D:10)
  2 efreet
  2 kobold demonologists
  A hornet (D:12)
  6 trolls
  10 slime creatures
  3 hippogriffs
  2 dream sheep (D:10)
  A vampire (D:12)
  A wraith (D:13)
  19 yaks
  2 wyverns (D:10)
  Eustachio (D:6)
  21 humans
  The ghost of Lanoc the Shooter, an amateur CeAM (D:3)
  2 hungry ghosts
  Menkaure (D:7)
  4 water moccasins
  Duvessa (D:7)
  A swamp drake (D:10)
  An eye of draining (shapeshifter) (D:13)
  5 phantoms
  11 orc warriors
  A sky beast (D:6)
  7 ogres
  A black bear (D:13)
  6 ice beasts
  5 centaurs
  A crocodile (D:10)
  8 big kobolds
  11 bullfrogs
  3 scorpions
  Dowan (D:7)
  21 killer bees
  5 wights (D:12)
  An electric eel (D:6)
  5 howler monkeys
  6 crimson imps
  2 bullfrog zombies
  3 centaur zombies
  7 hounds
  2 jellies
  4 bullfrog skeletons
  8 centaur skeletons
  9 orc priests
  An iron imp (D:6)
  Ijyb (D:5)
  Jessica (D:2)
  2 iguanas (D:4)
  14 orc wizards
  4 worker ants
  2 killer bee zombies
  A hound zombie (D:12)
  A worker ant zombie (D:1)
  Robin (D:2)
  A howler monkey zombie (D:10)
  A howler monkey skeleton (D:10)
  23 adders
  4 shadow imps
  An ooze (D:1)
  An adder skeleton (D:4)
  An adder zombie (D:6)
  5 worms
  10 leopard geckos
  45 orcs
  4 bats (D:2)
  5 giant cockroaches
  21 goblins
  8 hobgoblins
  14 jackals
  27 kobolds
  9 quokkas
  A ball python (D:3)
  6 frilled lizards
  2 leopard gecko skeletons (D:4)
  A quokka skeleton (D:8)
  6 rats
461 creatures vanquished.

Vanquished Creatures (others)
  A jelly (D:10)
1 creature vanquished.

Grand Total: 462 creatures vanquished

Notes
Turn   | Place    | Note
-------+----------+-------------------------------------------
     0 | D:1      | Lanoc the Centaur Arcane Marksman began the quest for the Orb.
     0 | D:1      | Reached XP level 1. HP: 16/16 MP: 2/2
   165 | D:1      | Reached skill level 3 in Bows
   212 | D:1      | Reached XP level 2. HP: 14/23 MP: 3/3
   364 | D:1      | Learned a level 2 spell: Slow
   778 | D:1      | Reached XP level 3. HP: 14/28 MP: 4/4
  1215 | D:2      | Reached skill level 4 in Bows
  1251 | D:2      | Noticed Robin
  1640 | D:1      | Reached XP level 4. HP: 35/36 MP: 5/5
  1658 | D:1      | HP: 1/36 [goblin/dagger of electrocution[Robin] (10)]
  1941 | D:2      | Killed Robin
  2457 | D:2      | Noticed Jessica
  2468 | D:2      | Killed Jessica
  2468 | D:2      | Reached XP level 5. HP: 34/41 MP: 7/7
  2531 | D:2      | Found a blossoming altar of Fedhas.
  2550 | D:2      | Noticed an oklob plant
  2934 | D:3      | Noticed Lanoc's ghost (amateur CeAM)
  2973 | D:3      | Killed Lanoc's ghost
  2973 | D:3      | Reached skill level 5 in Bows
  2973 | D:3      | Reached XP level 6. HP: 29/50 MP: 8/8
  2986 | D:3      | Found a shimmering altar of Xom.
  2988 | D:3      | Found a shimmering altar of Xom.
  2988 | D:3      | Found a glowing silver altar of Zin.
  2990 | D:3      | Found a radiant altar of Vehumet.
  2990 | D:3      | Found a white marble altar of Elyvilon.
  2990 | D:3      | Found a hide-covered altar of Uskayaw.
  3886 | D:4      | Learned a level 3 spell: Portal Projectile
  3896 | D:4      | Reached skill level 6 in Bows
  3896 | D:4      | Reached XP level 7. HP: 22/57 MP: 8/10
  4840 | D:4      | Found Ilumup's Book Boutique.
  4977 | D:5      | Entered Level 5 of the Dungeon
  5157 | D:5      | Reached skill level 7 in Bows
  5188 | D:5      | Found a blossoming altar of Fedhas.
  5190 | D:5      | Found a transporter.
  5193 | D:5      | Noticed a hippogriff
  5206 | D:5      | Found a transporter.
  5221 | D:5      | Noticed Ijyb
  5297 | D:5      | Killed Ijyb
  5513 | D:5      | Found a staircase to the Ecumenical Temple.
  5517 | D:5      | Reached XP level 8. HP: 66/66 MP: 11/11
  5523 | Temple   | Entered the Ecumenical Temple
  5726 | D:5      | Found an opulent altar of Gozag.
  5852 | D:5      | Found Narhouq's Distillery.
  5855 | D:5      | Bought a potion of heal wounds for 60 gold pieces
  5912 | D:5      | Reached skill level 8 in Bows
  7243 | D:3      | Learned a level 3 spell: Inner Flame
  7512 | D:5      | Killed a hippogriff
  8029 | D:6      | Reached skill level 9 in Bows
  8328 | D:6      | Noticed Eustachio
  8365 | D:6      | Killed Eustachio
  8365 | D:6      | Reached skill level 5 in Hexes
  8365 | D:6      | Reached XP level 9. HP: 57/72 MP: 13/13
  8773 | D:6      | Found a sparkling altar of Nemelex Xobeh.
  8952 | D:6      | Found a burning altar of Makhleb.
  9236 | D:7      | Noticed Menkaure
  9246 | D:7      | Killed Menkaure
  9246 | D:7      | Reached skill level 10 in Bows
  9457 | D:7      | Noticed Dowan
  9476 | D:7      | Killed Dowan
  9484 | D:7      | Noticed Duvessa
  9549 | D:7      | Killed Duvessa
  9549 | D:7      | Reached skill level 5 in Fighting
  9829 | D:7      | Noticed a two-headed ogre
 10136 | D:7      | Killed a two-headed ogre
 10273 | D:7      | Reached skill level 11 in Bows
 10420 | D:7      | Noticed a two-headed ogre
 10459 | D:7      | Killed a two-headed ogre
 10459 | D:7      | Reached XP level 10. HP: 83/83 MP: 16/16
 10602 | D:7      | Found an iron altar of Okawaru.
 10613 | D:7      | Became a worshipper of Warmaster Okawaru
 10802 | D:7      | Reached skill level 5 in Dodging
 11078 | D:7      | Learned a level 4 spell: Cause Fear
 11232 | D:8      | Reached * piety under Okawaru
 11832 | D:8      | Reached skill level 12 in Bows
 14106 | D:9      | Reached ** piety under Okawaru
 14795 | D:9      | Noticed a two-headed ogre
 14864 | D:9      | Killed a two-headed ogre
 14864 | D:9      | Reached skill level 5 in Spellcasting
 14929 | D:9      | Reached *** piety under Okawaru
 14944 | D:9      | Got a scorched leather armour
 14955 | D:9      | Identified the cursed +1 leather armour of the End {rCorr Int+2} (You found it on level 9 of the Dungeon)
 15206 | D:9      | Reached XP level 11. HP: 81/91 MP: 18/18
 15279 | D:9      | Reached skill level 13 in Bows
 15373 | D:10     | Entered Level 10 of the Dungeon
 16621 | D:10     | Received a gift from Okawaru
 16879 | D:10     | Noticed a three-headed hydra
 16984 | D:10     | Killed a three-headed hydra
 16984 | D:10     | Received a gift from Okawaru
 17025 | D:10     | Reached **** piety under Okawaru
 17858 | D:10     | Found a portal to a secret trove of treasure.
 18278 | D:10     | Reached skill level 1 in Armour
 18415 | D:10     | Found a staircase to the Lair.
 18643 | D:11     | Noticed a two-headed ogre
 18650 | D:11     | Noticed a sun demon
 18653 | D:11     | Received a gift from Okawaru
 18741 | D:10     | Killed a two-headed ogre
 18741 | D:10     | Reached ***** piety under Okawaru
 18741 | D:10     | Reached skill level 14 in Bows
 19179 | D:11     | Found a staircase to the Orcish Mines.
 19446 | D:11     | Received a gift from Okawaru
 20149 | D:11     | Noticed a two-headed ogre
 20203 | D:11     | Killed a two-headed ogre
 20293 | D:11     | Noticed a white ugly thing
 20404 | D:11     | Noticed a seven-headed hydra
 20746 | D:10     | Reached XP level 12. HP: 60/101 MP: 21/21
 20957 | D:11     | Noticed an eight-headed hydra
 21007 | D:10     | Killed an eight-headed hydra
 21460 | D:10     | Received a gift from Okawaru
 21826 | D:11     | Noticed a two-headed ogre
 22331 | D:11     | Killed a seven-headed hydra
 22458 | D:11     | Found a stormy altar of Qazlal.
 22631 | D:11     | Killed a two-headed ogre
 22631 | D:11     | Received a gift from Okawaru
 22922 | D:12     | Reached skill level 15 in Bows
 25183 | D:13     | Noticed Artikas's ghost (journeyman MiBe)
 25451 | D:13     | Found a gate to the Vaults.
 25451 | D:13     | Noticed a vault guard
 26141 | D:13     | Reached XP level 13. HP: 69/111 MP: 23/23
 26173 | D:13     | Got a wavering copper ring
 26407 | D:12     | Reached skill level 16 in Bows
 26664 | D:12     | Identified the ring "Gyalu" {rF+ rC++ Int+2 Dex-3 Stlth-} (You took it off a human on level 13 of the Dungeon)
 26671 | D:13     | Noticed Urug
 27096 | D:12     | Killed Urug
 27096 | D:12     | Received a gift from Okawaru
 27471 | D:12     | Received a gift from Okawaru
 28448 | D:13     | HP: 5/111 [centaur warrior skeleton (4)]
 30104 | D:13     | HP: 5/111 [vampire mosquito (8)]
 30104 | D:13     | HP: 2/111 [vampire mosquito (3)]
 31040 | D:13     | HP: 5/111 [vampire mosquito (7)]
 31045 | D:13     | HP: 3/111 [something (1)]
 31045 | D:13     | Slain by an unseen horror

Skill      XL: |  1  2  3  4  5  6  7  8  9 10 11 12 13 |
---------------+----------------------------------------+-----
Bows           | 3 4 5 6 7 9 11 12 14 15 16 | 16.5
Dodging        | 2 3 4 5 6 7 |  7.4
Hexes          | 3 4 5 6 7 8 |  8.9
Fighting       | 2 3 4 5 6 8 9 |  9.3
Spellcasting   | 2 3 4 5 6 |  6.9
Armour         | 2 3 |  3.9

Action                   |  1- 3 |  4- 6 |  7- 9 | 10-12 | 13-15 || total
-------------------------+-------+-------+-------+-------+-------++-------
Melee: Shortbow          |    73 |     6 |       |     5 |     1 ||    85
       Kick              |    30 |    20 |    76 |   224 |    32 ||   382
       Dagger            |       |   148 |   310 |   913 |   115 ||  1486
 Fire: Shortbow          |    71 |    55 |   176 |   837 |   567 ||  1706
 Cast: Corona            |       |     4 |    11 |     7 |     5 ||    27
       Portal Projectile |       |       |     5 |     2 |     3 ||    10
       Cause Fear        |       |       |       |     2 |       ||     2
       Slow              |       |       |       |    18 |    34 ||    52
Evoke: Fan of gales      |       |       |       |     1 |       ||     1
       Wand              |       |       |       |     1 |     2 ||     3
  Use: Potion            |     1 |       |       |     7 |     6 ||    14
       Scroll            |       |       |     5 |    19 |     5 ||    29
  Eat: Chunk             |     2 |     6 |    13 |    25 |     6 ||    52
       Fruit             |       |       |     4 |    13 |     8 ||    25
       Royal jelly       |       |       |     1 |       |       ||     1
       Meat ration       |       |       |       |     2 |       ||     2
Armor: Robe              |    30 |     3 |       |     1 |       ||    34
       Animal skin       |       |    52 |    55 |       |       ||   107
       Leather armour    |       |       |    17 |   282 |   114 ||   413
Dodge: Dodged            |    55 |    62 |   137 |   523 |    82 ||   859
Block: Other             |       |     4 |    16 |    57 |    12 ||    89
       Reflection        |       |       |     1 |       |       ||     1
